 Dungeon Crawl Stone Soup version 0.31-a0-229-g1fc7ce93e2 (webtiles) character file.

Game seed: 7269529277523135695

65 qw the Shooter (level 4, 0/26 HPs)
             Began as a Gargoyle Hexslinger on July 6, 2023.
             Slain by Sigmund
             ... wielding a +0 scythe
              (9 damage)
             ... on level 2 of the Dungeon.
             The game lasted 00:00:27 (980 turns).

qw the Shooter (Gargoyle Hexslinger)                 Turns: 980, Time: 00:00:28

Health: 0/26       AC:  8    Str: 12    XL:     4   Next: 14%
Magic:  5/5        EV: 12    Int: 13    God:
Gold:   87         SH:  0    Dex: 14    Spells: 4/5 levels left

rFire   . . .        Y - +1 sling
rCold   . . .        (no shield)
rNeg    + . .        c - +0 robe
rPois   inf          (no helmet)
rElec   +            i - +2 cloak
rCorr   .            (no gloves)
SInv    .            (no boots)
Will    .....        (no amulet)
Stlth   +            (no ring)
HPRegen 0.24/turn    (no ring)
MPRegen 0.09/turn

%: no passive effects
@: no status effects
A: sickness immunity, AC +3, negative energy resistance 1, electricity
resistance, torment resistance 1, petrification resistance
a: no special abilities


You were on level 2 of the Dungeon.
You visited 1 branch of the dungeon, and saw 2 of its levels.

You collected 87 gold pieces.


Innate Abilities, Weirdness & Mutations

You are immune to sickness and miasma.
Your stone body is resilient. (AC +3)
You are immune to poison.
You resist negative energy. (rN+)
You are resistant to electric shocks. (rElec)
You are resistant to unholy torment.
You are immune to petrification.


   Skills:
 - Level 2.0 Fighting
 + Level 4.0 Ranged Weapons
 - Level 1.5 Dodging
 - Level 1.0 Spellcasting
 - Level 2.6 Hexes


You had 4 spell levels left.
You knew the following spells:

 Your Spells              Type           Power      Damage    Failure   Level
a - Slow                  Hex            28%        N/A       10%         1

Your spell library contained the following spells:

 Spells                   Type           Power      Damage    Failure   Level
 Inner Flame              Hex/Fire       4%         N/A       43%         3
 Portal Projectile        Hex/Tloc       8%         N/A       43%         3
 Cause Fear               Hex            3%         N/A       67%         4

Inventory:

Hand Weapons
 Y - a +1 sling (weapon)
Armour
 c - a +0 robe (worn)
 i - a +2 cloak (worn)
Jewellery
 b - a +6 ring of dexterity
Scrolls
 h - a scroll of identify
Potions
 a - a potion of ambrosia {unknown}
 d - a potion of resistance
 e - a potion of heal wounds {unknown}
 f - a potion of haste {unknown}

Dungeon Overview and Level Annotations

Branches:
Dungeon (2/15)

Altars:

Annotations:
D:2 Sigmund


Message History

Found 7 stones.
Found a stone staircase leading down.
Your resistance to elements expires.
e - a sedimented sapphire potion You now have 87 gold pieces (gained 16).
Sigmund the Dreaded comes into view.
He is wielding a +0 scythe.
You shoot a sling bullet. The sling bullet hits Sigmund.
Sigmund shouts!
Sigmund is lightly wounded.
You shoot a sling bullet. The sling bullet barely misses Sigmund.
You shoot a sling bullet.
The sling bullet closely misses Sigmund.
You shoot a sling bullet.
The sling bullet closely misses Sigmund.
You shoot a sling bullet. The sling bullet barely misses Sigmund.
Sigmund casts a spell.
Sigmund flickers and vanishes!
Deactivating autopickup; reactivate with Ctrl-A.
You shoot a sling bullet. Something completely misses you.
You shoot a sling bullet. You shoot a sling bullet. Something hits you.
You shoot a sling bullet.
A magic dart appears from out of thin air!
The magic dart hits you.
You shoot a sling bullet. Something hits you but does no damage.
You shoot a sling bullet. Something hits you.
You shoot a sling bullet. Something hits you.
You shoot a sling bullet. Something hits you.
You shoot a sling bullet. You shoot a sling bullet. Something hits you.
You shoot a sling bullet. Something hits you!
You die...

# ###. ### ..... ..#
.##...###.#
.....{.@>.#
.##(####..# #
.........#.#
.#.#.#...#.# #.......#
####.#.....#
.....)#.##############
####.................#
##.#.############.#


There were no monsters in sight!

Vanquished Creatures
  Jessica (D:2)
  2 dart slugs (D:1)
  A bat (D:1)
  7 endoplasms (D:1)
  7 giant cockroaches (D:1)
  A goblin (D:1)
  2 hobgoblins (D:1)
  2 quokkas (D:1)
  4 ball pythons (D:1)
  A frilled lizard (D:1)
  A kobold (D:1)
  2 rats
31 creatures vanquished.

Notes
Turn   | Place    | Note
-------+----------+-------------------------------------------
     0 | D:1      | qw the Gargoyle Hexslinger began the quest for the Orb.
     0 | D:1      | Reached XP level 1. HP: 12/12 MP: 2/2
     0 | D:1      | 0 ||| qw: Version: 0.3-a-46-gb1f654a
     0 | D:1      | 0 ||| qw: Game counter: 1202
     0 | D:1      | 0 ||| qw: Melee chars always use a shield: true
     0 | D:1      | 0 ||| qw: God list: Okawaru
     0 | D:1      | 0 ||| qw: Allow faded altars: false
     0 | D:1      | 0 ||| qw: Do Orc after clearing Dungeon:15 true
     0 | D:1      | 0 ||| qw: Do second Lair branch before Depths: true
     0 | D:1      | 0 ||| qw: Lair rune preference: random
     0 | D:1      | 0 ||| qw: Goals: Normal
     0 | D:1      | 0 ||| PLANNING D:1-11
    83 | D:1      | Reached XP level 2. HP: 16/16 MP: 3/3
   218 | D:1      | Reached skill level 3 in Ranged Weapons
   220 | D:1      | HP: 3/16 [hobgoblin (4)]
   229 | D:1      | HP: 4/16 [bat (1)]
   367 | D:1      | Found a faded altar of an unknown god.
   428 | D:1      | Reached XP level 3. HP: 21/21 MP: 4/4
   876 | D:1      | 876 ||| UPGRADING to +2 cloak.
   881 | D:1      | 881 ||| READING scroll labelled TYPPUE JYBOSTUUS.
   885 | D:1      | 885 ||| READING scroll labelled IKOICEWKAIPA.
   886 | D:1      | 886 ||| READING 2 scrolls labelled NIHUPLENAIC.
   887 | D:1      | 887 ||| DRINKING 2 ruby potions.
   888 | D:1      | 888 ||| DROPPING scroll of poison.
   913 | D:2      | Noticed Jessica
   916 | D:2      | Killed Jessica
   917 | D:2      | Reached skill level 4 in Ranged Weapons
   917 | D:2      | Reached XP level 4. HP: 26/26 MP: 5/5
   964 | D:2      | Noticed Sigmund
   980 | D:2      | Slain by Sigmund

Levels and vault maps discovered:
D:1:      arrival_zaba_pyramid, layout_basic,
          shapermc_ecumenical_altar_acropolis, minmay_fountain_box
D:2:      layout_basic, serial_shops, shop, uniq_jessica, uniq_sigmund

Skill      XL: |  1  2  3 |
---------------+----------+-----
Ranged Weapons | 3 4 |  4.0
Fighting       | 2 |  2.0
Dodging        | |  1.5
Spellcasting   | |  1.0
Hexes          | |  2.6

Action                     |  1- 3 |  4- 6 || total
---------------------------+-------+-------++-------
   Fire: Sling             |   102 |    16 ||   118
    Use: Scroll            |     3 |       ||     3
         Potion            |     1 |       ||     1
 Armour: Robe              |    24 |     1 ||    25
  Dodge: Dodged            |    37 |     1 ||    38

Table legend:
 A = Non-vault XP
 B = Vault XP
 C = Vault XP percentage of total XP
 D = Non-vault monster count
 E = Vault monster count
 F = Vault count percentage of total count
                 A         B        C        D         E       F
            +---------+---------+-------+---------+---------+-------
      Total |      57 |      37 |  39.4 |      30 |       1 |   3.2
            +---------+---------+-------+---------+---------+-------
        D:1 |      56 |       0 |   0.0 |      29 |       0 |   0.0
        D:2 |       1 |      37 |  97.4 |       1 |       1 |  50.0
            +---------+---------+-------+---------+---------+-------
